 Dungeon Crawl Stone Soup version 0.30.1-11-g7821555f0a (webtiles) character file.

Game seed: 3001797826419032355

110310 Jerry the Brawler (level 15, 0/155 (157) HPs)
             Began as a Troll Monk on Dec 13, 2023.
             Was a High Priest of Jiyva.
             Killed from afar by an air elemental (4 damage)
             ... with a stunning burst
             ... while paralysed by an air elemental
             ... on level 4 of the Shoals.
             The game lasted 01:16:49 (15677 turns).

Jerry the Brawler (Troll Monk)                     Turns: 15677, Time: 01:16:50

HP:   0/155 (157)   AC: 14    Str: 28    XL:     15   Next: 71%
MP:   26/26         EV:  1    Int: 11    God:    Jiyva [*****.]
Gold: 785           SH:  0    Dex: 20    Spells: 14/14 levels left

rFire   . .          .
                       - Unarmed
rCold   + + .        (no shield)
rNeg    . . .        a - +2 troll leather armour {Pargi}
rPois   .            (helmet restricted)
rElec   .            x - +0 cloak
rCorr   +            (gloves unavailable)
SInv    +            (boots unavailable)
Will    ++...        (no amulet)
Stlth   +            l - ring "Sesufar" {Will+ Str+6}
HPRegen 3.49/turn    v - ring "Seargh" {Fly MP+9 Int+4}
MPRegen 0.65/turn

%: no passive effects
@: paralysed, lethally poisoned (0 -> -1), flying, hasted, lightly drained
A: large, unfitting armour, claws 3, regeneration 1, shaggy fur 1, tough skin 1,
talons 3, iridescent scales 1, agile 1, cold resistance 2, high MP 2, sense
surroundings 3, eyeballs 3, gelatinous body 1, engulf
}: 1/15 runes: barnacled
a: Renounce Religion, Oozemancy, Slimify


You were on level 4 of the Shoals.
You worshipped Jiyva.
Jiyva was extremely pleased with you.
You visited 4 branches of the dungeon, and saw 21 of its levels.

You collected 785 gold pieces.

Inventory:

Hand Weapons
 g - the +8 arc blade {discharge, rElec}
   (You found it on level 11 of the Dungeon)

   rElec:     It insulates you from electricity.
 w - the +7 sling of Wecvel {flame, Int+3}
   (You found it on level 8 of the Dungeon)

   Int:       It affects your intelligence (+3).
Missiles
 f - 2 throwing nets
 h - 45 stones
 m - 6 curare-tipped darts (quivered)
 H - 8 large rocks
Armour
 a - a +2 troll leather armour (worn) {Pargi}
 c - an orb of light
 x - a +0 cloak (worn)
 J - a +2 robe of cold resistance
Jewellery
 e - a ring of fire
 l - the ring "Sesufar" (left claw) {Will+ Str+6}
   (You found it on level 3 of the Dungeon)

   [ring of strength]

   Str:       It affects your strength (+6).
   Will:      It increases your willpower.
 v - the ring "Seargh" (right claw) {Fly MP+9 Int+4}
   (You found it on level 4 of the Dungeon)

   [ring of magical power]

   Int:       It affects your intelligence (+4).
   MP:        It affects your magic capacity (+9).
   Fly:       It grants you flight.
 B - the ring "Fishraic" {Fire rPois Str-4 Dex+2}
   (You found it on level 1 of the Shoals)

   [ring of fire]

   It enhances your fire magic.
   Str:       It affects your strength (-4).
   Dex:       It affects your dexterity (+2).
   rF:        It protects you from fire.
   rC:        It makes you vulnerable to cold.
   rPois:     It protects you from poison.
 I - a ring of ice
Wands
 o - a wand of charming (13)
 y - a wand of roots (11)
 E - a wand of flame (10)
 F - a wand of light (5)
Scrolls
 i - 5 scrolls of teleportation
 j - 4 scrolls of immolation
 n - a scroll of noise
 r - a scroll of amnesia
 G - a scroll of identify
Potions
 b - 5 potions of ambrosia
 d - 3 potions of cancellation
 k - 4 potions of attraction
 p - a potion of flight
 q - 2 potions of brilliance
 t - a potion of magic {unknown}
 u - 3 potions of heal wounds
 z - 4 potions of curing
 A - 4 potions of mutation {unknown}
 C - 3 potions of lignification {unknown}
 D - 3 potions of berserk rage {unknown}


   Skills:
 + Level 12.2 Fighting
 + Level 11.9 Armour
 + Level 12.2 Dodging
 + Level 15.8 Unarmed Combat


You had 14 spell levels left.
You didn't know any spells.
Your spell library contained the following spells:

 Spells                   Type           Power      Damage    Failure   Level
 Ensorcelled Hibernation  Hex/Ice        0%         N/A       50%         2
 Passwall                 Tmut/Erth      0%         N/A       50%         2
 Call Canine Familiar     Summ           0%         N/A       75%         3
 Portal Projectile        Hex/Tloc       0%         N/A       75%         3
 Swiftness                Air            0%         N/A       75%         3
 Tukima's Dance           Hex            0%         N/A       75%         3
 Leda's Liquefaction      Hex/Erth       0%         N/A       98%         4
 Passage of Golubria      Tloc           0%         N/A       98%         4
 Blade Hands              Tmut           0%         N/A       100%        5
 Lee's Rapid Deconstruct  Erth           0%         3d4*      100%        5
 Silence                  Hex/Air        0%         N/A       100%        5
 Eringya's Noxious Bog    Tmut/Pois      0%         N/A       100%        6
 Statue Form              Tmut/Erth      0%         N/A       100%        6
 Lehudib's Crystal Spear  Conj/Erth      0%         10d2      100%        8


Dungeon Overview and Level Annotations

Branches:
Dungeon (12/15)            Temple (1/1) D:7            Lair (4/5) D:11
 Shoals (4/4) Lair:3       Spider (0/4) Lair:2
  Slime: Lair:4-5       Orc: D:9-12

Altars:
Ashenzari
Dithmenos
Fedhas
Gozag
Hepliaklqana
Makhleb
Okawaru
Qazlal
Ru
Sif Muna
Vehumet
Wu Jian
Yredelemnul
Jiyva
Lugonu

Shops:
D:9 *

Portals:
Abyss: D:8

Annotations:
D:8 2 transporters, ripuliukko's ghost, novice GrEE
D:10 4 transporters
D:11 2 runed translucent doors
D:12 exclusion: orange crystal statue
Lair:1 3 runed translucent doors, TangoThomas's ghost, journeyman HOFE


Innate Abilities, Weirdness & Mutations

You are too large for most types of armour.
You have claws for hands.
Your natural rate of healing is unusually fast.
You are covered in fur. (AC +1)
You have tough skin. (AC +1)
You have claws for feet.
You are partially covered in iridescent scales. (AC +2)
You are agile. (Dex +4, Str/Int -1)
Your flesh is very cold resistant. (rC++)
You have a considerably increased reservoir of magic. (+20% MP)
You passively map a large area around you.
Your body is covered in eyes which may confuse attackers. (Acc +7, SInv)
Your rubbery body absorbs attacks. (AC +1, EV +1)
Your melee attacks may engulf your foes in ooze.


Message History

* * * LOW HITPOINT WARNING * * *
You are more poisoned.
The air elemental fires a burst of electricity at you.
The stunning burst hits you.
* * * LOW HITPOINT WARNING * * *
You can move again.
Okay, then.
Okay, then.
Okay, then.
You feel better. The air elemental closely misses you.
The merfolk impaler closely misses you.
The air elemental hits you but does no damage.
The merfolk impaler hits you with a +3 trident of venom!
* * * LOW HITPOINT WARNING * * *
You are poisoned.
The eyeballs on your body gaze at the merfolk impaler.
Okay, then.
You feel yourself speed up.
You feel very sick.
The air elemental hits you but does no damage.
The air elemental hits you.
* * * LOW HITPOINT WARNING * * *
The merfolk impaler is no longer engulfed.
The air elemental closely misses you.
The air elemental attacks as you move away!
The air elemental misses you.
You feel sick.
You see here the +9 flail "Yrips" {drain, Fragile rF+ Int+4}.
You feel very sick. The air elemental hits you.
* * * LOW HITPOINT WARNING * * *
You feel sick.
The air elemental fires a burst of electricity at you.
The stunning burst misses you.
The air elemental fires a burst of electricity at you.
The stunning burst hits you.
You suddenly lose the ability to move!
* * * LOW HITPOINT WARNING * * *
You feel sick.
The air elemental fires a burst of electricity at you.
The stunning burst hits you.
You die...

.~.~.#~#~~~.#~~#~~#~~#....#.#
~~.~.'~##~~~~~~~~~~~~J...##.# ~
~#~~.'~##~~~~~~~~~~~~~...##.# *
~..~.#~#~~~.#~~#~~#~~#....#.# ~
~~~~.#~~~~~.#~~~~J~~~#J.....# ~
~.~~.#~~~~..##~~~~~~##......# *
~~~~.#~~~#J.####~~####..#...#,*~,
~~~..#.~.#~............~#...#
~~~..#...#~~....@^....~~#...#
.~...##..####......m.####..## ,*
.~...##~........##E.......~#* ~
....8##~~......####......~~#
###### ##..............#### * ,,
** #######''#######* , ~ ~ .m.. ,
8 ~~ ,, ,~~~~~ ~~ , , ,~ ~ ,*,,
~~~~~~ ~ ~ ,,


You could see a merfolk impaler (confused), an air elemental, a neutral azure
jelly (wandering) (fellow slime) and 2 neutral jellies (fellow slime).

Vanquished Creatures
  A frost giant (Shoals:2)
  8 merfolk impalers
  Josephine (D:11)
  6 merfolk javelineers (Shoals:4)
  Harold (D:11)
  Fannar (D:11)
  A merfolk avatar (Shoals:2)
  3 hydras (Lair:3)
  3 alligator snapping turtles
  2 centaur warriors
  A two-headed ogre (D:11)
  2 merfolk aquamancers
  A boulder beetle (Lair:4)
  A tengu warrior (D:10)
  2 satyrs
  6 death yaks (Lair:3)
  Amaemon (D:11)
  7 skysharks
  A deep troll (Lair:4)
  5 sea snakes
  Pikel (D:8)
  2 orc knights (D:11)
  11 harpies
  A deep elf pyromancer (D:11)
  11 manticores
  2 fauns (Shoals:4)
  2 wolf spiders (D:11)
  2 ugly things (D:11)
  An oklob plant (Shoals:2)
  2 cyclopes (Shoals:2)
  3 merfolk sirens
  22 elephants
  8 water nymphs
  2 black mambas
  4 gargoyles
  An orange demon (D:11)
  An unseen horror (D:11)
  8 cane toads
  Maggie (D:8)
  9 komodo dragons
  3 rime drakes
  3 kobold demonologists
  A meliai (shapeshifter) (D:10)
  23 merfolk
  A queen bee (Lair:1)
  A troll (D:10)
  A hornet (D:10)
  2 polar bears (Lair:4)
  A meliai (Lair:2)
  8 wind drakes
  Grinder (D:3)
  18 blink frogs
  4 snapping turtles
  Sigmund (D:4)
  4 wraiths (D:11)
  A shadow (D:10)
  A centaur simulacrum (D:11)
  An air elemental (Shoals:4)
  6 wyverns
  34 yaks
  3 basilisks
  9 water elementals
  2 vampires
  7 vampire mosquitoes
  An acid dragon (D:10)
  11 water moccasins
  9 orc warriors
  Pargi (D:4)
  An ice beast (D:6)
  3 black bears
  A sky beast (D:7)
  An ogre (D:6)
  13 wolves (Lair:3)
  7 centaurs
  A lemure (D:8)
  A phantom (D:5)
  7 kobold brigands
  14 bullfrogs
  3 gnoll sergeants
  2 scorpions
  27 wights
  28 killer bees
  3 howler monkeys
  5 hounds
  2 orc priests
  Crazy Yiuf (D:4)
  2 sleepcaps
  3 gnoll boudas
  3 iguanas
  10 orc wizards
  26 gnolls
  6 adders
  A shadow imp (D:6)
  5 worms
  3 dart slugs
  19 orcs
  4 ball pythons
  9 bats
  An endoplasm (D:1)
  2 giant cockroaches
  4 goblins
  2 hobgoblins
  8 jackals
  28 kobolds
  4 quokkas
  3 frilled lizards
  4 rats
573 creatures vanquished.

Vanquished Creatures (collateral kills)
  An alligator snapping turtle (Shoals:1)
1 creature vanquished.

Vanquished Creatures (others)
  A merfolk avatar (Shoals:2)
  A merfolk aquamancer (Shoals:4)
  A wizard (D:11)
  A polar bear (Lair:3)
  2 water elementals (Shoals:4)
  A wyvern (D:11)
  A water moccasin (Lair:2)
  3 bullfrogs
  3 killer bees
  A howler monkey (D:8)
  56 jellies
  An orc wizard (D:11)
  4 gnolls (D:3)
  An adder (D:6)
  6 orcs
  An endoplasm (D:3)
  A kobold (D:10)
  2 quokkas (D:4)
  24 tentacles
111 creatures vanquished.

Grand Total: 685 creatures vanquished

Notes
Turn   | Place    | Note
-------+----------+-------------------------------------------
     0 | D:1      | Jerry the Troll Monk began the quest for the Orb.
     0 | D:1      | Reached XP level 1. HP: 22/22 MP: 0/0
   224 | D:1      | Reached XP level 2. HP: 29/29 MP: 1/1
   839 | D:2      | Reached XP level 3. HP: 36/36 MP: 2/2
   848 | D:2      | Reached skill level 1 in Armour
   853 | D:2      | Reached XP level 4. HP: 32/44 MP: 3/3
  1001 | D:2      | Found a faded altar of an unknown god.
  1009 | D:2      | Prayed at the altar of an unknown god.
  1009 | D:2      | Became a worshipper of Jiyva Jisuclim the Shapeless
  1009 | D:2      | Reached * piety under Jiyva
  1009 | D:2      | Reached ** piety under Jiyva
  1048 | D:2      | Reached skill level 4 in Unarmed Combat
  1117 | D:2      | Found an ornate altar of the Wu Jian Council.
  1143 | D:3      | Reached *** piety under Jiyva
  1204 | D:3      | Identified the ring "Sesufar" {Will+ Str+6}
  1247 | D:3      | Noticed Grinder
  1249 | D:3      | Paralysed by Grinder for 4 turns
  1263 | D:3      | Killed Grinder
  1264 | D:3      | Reached XP level 5. HP: 37/53 MP: 4/4
  1264 | D:3      | Reached XP level 6. HP: 42/61 MP: 5/5
  1289 | D:3      | Found a blossoming altar of Fedhas.
  1303 | D:3      | Reached skill level 5 in Unarmed Combat
  1303 | D:3      | Gained mutation: Your melee attacks may engulf your foes in
                  | ooze. [Jiyva's grace]
  1303 | D:3      | Gained mutation: You are partially covered in iridescent
                  | scales. (AC +2) [Jiyva's grace]
  1303 | D:3      | Gained mutation: You are mostly covered in iridescent
                  | scales. (AC +4) [Jiyva's grace]
  1303 | D:3      | Gained mutation: You are completely covered in iridescent
                  | scales. (AC +6) [Jiyva's grace]
  1460 | D:3      | Found a basalt altar of Yredelemnul.
  1718 | D:4      | Noticed Sigmund
  1726 | D:4      | Killed Sigmund
  1727 | D:4      | Reached XP level 7. HP: 66/67 MP: 6/6
  1783 | D:4      | Noticed Pargi
  1789 | D:4      | Killed Pargi
  1810 | D:4      | Found a shadowy altar of Dithmenos.
  1892 | D:4      | Reached skill level 6 in Unarmed Combat
  1902 | D:4      | Reached **** piety under Jiyva
  2051 | D:4      | Found a broken altar of Ashenzari.
  2068 | D:4      | Identified the ring "Seargh" {Fly MP+9 Int+4}
  2150 | D:4      | Found a runed translucent door.
  2151 | D:4      | Noticed Crazy Yiuf
  2218 | D:4      | Killed Crazy Yiuf
  2250 | D:5      | Entered Level 5 of the Dungeon
  2340 | D:5      | Found an iron altar of Okawaru.
  2434 | D:5      | Reached XP level 8. HP: 78/78 MP: 7/7
  2488 | D:5      | Found a sacrificial altar of Ru.
  2857 | D:6      | Reached skill level 7 in Unarmed Combat
  2883 | D:6      | Reached ***** piety under Jiyva
  2901 | D:6      | Found a shimmering blue altar of Sif Muna.
  3074 | D:6      | Gained mutation: You have an increased reservoir of magic.
                  | (+10% MP) [Jiyva's grace]
  3074 | D:6      | Gained mutation: You have a considerably increased
                  | reservoir of magic. (+20% MP) [Jiyva's grace]
  3074 | D:6      | Gained mutation: You have a greatly increased reservoir of
                  | magic. (+30% MP) [Jiyva's grace]
  3074 | D:6      | Gained mutation: You are agile. (Dex +4, Str/Int -1)
                  | [Jiyva's grace]
  3983 | D:7      | Found a staircase to the Ecumenical Temple.
  4027 | D:7      | Reached skill level 5 in Fighting
  4027 | D:7      | Reached skill level 5 in Dodging
  4027 | D:7      | Reached skill level 8 in Unarmed Combat
  4027 | D:7      | Reached XP level 9. HP: 88/88 MP: 10/10
  4043 | Temple   | Entered the Ecumenical Temple
  4230 | D:7      | Reached skill level 9 in Unarmed Combat
  4501 | D:8      | Noticed a purple ugly thing
  4680 | D:8      | Reached skill level 5 in Armour
  4764 | D:8      | Noticed Maggie
  4774 | D:8      | Killed Maggie
  4862 | D:8      | Reached XP level 10. HP: 97/98 MP: 12/12
  4876 | D:8      | Found a transporter.
  4912 | D:8      | Lost mutation: You are completely covered in iridescent
                  | scales. (AC +6) [Jiyva's grace]
  4912 | D:8      | Lost mutation: You have a greatly increased reservoir of
                  | magic. (+30% MP) [Jiyva's grace]
  4912 | D:8      | Gained mutation: Your rubbery body absorbs attacks. (AC +1,
                  | EV +1) [Jiyva's grace]
  4912 | D:8      | Gained mutation: Your pliable body absorbs attacks. (AC +2,
                  | EV +2) [Jiyva's grace]
  4912 | D:8      | Gained mutation: Your gelatinous body deflects attacks. (AC
                  | +3, EV +3) [Jiyva's grace]
  4912 | D:8      | Gained mutation: Armour fits poorly on your pseudopods.
                  | [Jiyva's grace]
  5120 | D:8      | Found a one-way gate to the infinite horrors of the Abyss.
  5133 | D:8      | Found a transporter.
  5134 | D:8      | Reached ****** piety under Jiyva
  5293 | D:8      | Identified the +7 sling of Wecvel {flame, Int+3}
  5347 | D:8      | Noticed ripuliukko's ghost (novice GrEE)
  5539 | D:9      | Noticed Pikel
  5619 | D:8      | Killed Pikel
  5620 | D:8      | Reached skill level 10 in Unarmed Combat
  5667 | D:9      | Found Suicu's Assorted Antiques.
  5801 | D:9      | Found a radiant altar of Vehumet.
  5907 | D:9      | Found an opulent altar of Gozag.
  6230 | D:9      | Found a stormy altar of Qazlal.
  6263 | D:10     | Entered Level 10 of the Dungeon
  6271 | D:10     | Noticed a sun demon
  6301 | D:10     | Noticed a tengu warrior
  6301 | D:10     | Noticed a tengu warrior
  6305 | D:10     | Slimified a tengu warrior
  6305 | D:10     | a tengu warrior changed into a slime creature
  6315 | D:10     | Killed a tengu warrior
  6497 | D:10     | Found a transporter.
  6498 | D:10     | Found a transporter.
  6502 | D:10     | Found a transporter.
  6532 | D:10     | Found a transporter.
  6570 | D:10     | Noticed a gargoyle
  6581 | D:10     | Killed a gargoyle
  6582 | D:10     | Reached XP level 11. HP: 88/109 MP: 12/12
  6653 | D:10     | Reached skill level 11 in Unarmed Combat
  6813 | D:10     | Noticed an orc knight
  6818 | D:10     | Slimified an orc knight
  6818 | D:10     | an orc knight changed into a slime creature
  7117 | D:11     | Lost mutation: Your gelatinous body deflects attacks. (AC
                  | +3, EV +3) [Jiyva's grace]
  7117 | D:11     | Gained mutation: Your body has grown eyes which may confuse
                  | attackers. (Acc +3) [Jiyva's grace]
  7117 | D:11     | Gained mutation: Your body has grown many eyes which may
                  | confuse attackers. (Acc +5) [Jiyva's grace]
  7117 | D:11     | Gained mutation: Your body is covered in eyes which may
                  | confuse attackers. (Acc +7, SInv) [Jiyva's grace]
  7117 | D:11     | Gained mutation: You have sharp toenails. [Jiyva's grace]
  7144 | D:11     | Noticed Josephine
  7154 | D:11     | Killed Josephine
  7297 | D:11     | Noticed Fannar
  7311 | D:11     | Killed Fannar
  7446 | D:11     | Noticed Amaemon
  7456 | D:11     | Killed Amaemon
  7483 | D:11     | Found a staircase to the Lair.
  7529 | D:11     | Noticed Harold
  7538 | D:11     | Noticed a two-headed ogre
  7542 | D:11     | Killed Harold
  7543 | D:11     | Reached skill level 12 in Unarmed Combat
  7543 | D:11     | Reached XP level 12. HP: 105/120 MP: 13/13
  7548 | D:11     | Killed a two-headed ogre
  7911 | D:11     | Found a runed translucent door.
  7911 | D:11     | Noticed a centaur warrior
  7918 | D:11     | Found a runed translucent door.
  7918 | D:11     | Found a runed translucent door.
  7918 | D:11     | Noticed an eight-headed hydra
  7969 | D:11     | Noticed a centaur warrior
  8242 | D:11     | Identified the +0 pair of boots of the Wonderful God {Dex-2
                  | Slay+4}
  8297 | D:11     | Killed a centaur warrior
  8350 | Lair:1   | Entered Level 1 of the Lair of Beasts
  8424 | Lair:1   | Lost mutation: You have sharp toenails. [Jiyva's grace]
  8424 | Lair:1   | Lost mutation: Your body is covered in eyes which may
                  | confuse attackers. (Acc +7, SInv) [Jiyva's grace]
  8424 | Lair:1   | Lost mutation: Armour fits poorly on your pseudopods.
                  | [Jiyva's grace]
  8424 | Lair:1   | Gained mutation: You expend magic power (3 MP) to
                  | strengthen your wands. [Jiyva's grace]
  8424 | Lair:1   | Gained mutation: You have sharp toenails. [Jiyva's grace]
  8424 | Lair:1   | Gained mutation: You have razor-sharp toenails. [Jiyva's
                  | grace]
  8424 | Lair:1   | Gained mutation: You have claws for feet. [Jiyva's grace]
  8662 | Lair:1   | Found a runed translucent gate.
  8662 | Lair:1   | Found a runed translucent gate.
  8662 | Lair:1   | Found a runed translucent gate.
  8662 | Lair:1   | Noticed a nine-headed hydra
  8665 | Lair:1   | Noticed TangoThomas's ghost (journeyman HOFE)
  8820 | Lair:1   | Reached skill level 13 in Unarmed Combat
  9072 | Lair:2   | Reached XP level 13. HP: 126/131 MP: 14/14
  9528 | Lair:2   | Found a hole to the Spider Nest.
 10121 | Lair:3   | Reached skill level 10 in Dodging
 10204 | Lair:3   | Reached skill level 10 in Fighting
 10286 | Lair:3   | Reached skill level 10 in Armour
 10396 | Lair:3   | Lost mutation: You are mostly covered in iridescent scales.
                  | (AC +4) [Jiyva's grace]
 10396 | Lair:3   | Lost mutation: Your pliable body absorbs attacks. (AC +2,
                  | EV +2) [Jiyva's grace]
 10396 | Lair:3   | Gained mutation: Your body is covered in eyes which may
                  | confuse attackers. (Acc +7, SInv) [Jiyva's grace]
 10396 | Lair:3   | Gained mutation: Your pliable body absorbs attacks. (AC +2,
                  | EV +2) [Jiyva's grace]
 10396 | Lair:3   | Gained mutation: Your gelatinous body deflects attacks. (AC
                  | +3, EV +3) [Jiyva's grace]
 10396 | Lair:3   | Gained mutation: Your movements are slightly less
                  | encumbered by armour. (ER -2) [Jiyva's grace]
 10410 | Lair:3   | Reached skill level 14 in Unarmed Combat
 10467 | Lair:3   | Reached XP level 14. HP: 124/144 MP: 15/15
 10505 | Lair:3   | Found a staircase to the Shoals.
 10799 | Lair:3   | Got Arofeog's Vellum of Transfiguration
 12013 | D:12     | Found a corrupted altar of Lugonu.
 12027 | D:12     | Lost mutation: Your body is covered in eyes which may
                  | confuse attackers. (Acc +7, SInv) [Jiyva's grace]
 12027 | D:12     | Gained mutation: You are covered in slimy tendrils that may
                  | disarm your opponents. [Jiyva's grace]
 12027 | D:12     | Gained mutation: Your flesh is cold resistant. (rC+)
                  | [Jiyva's grace]
 12027 | D:12     | Gained mutation: Your flesh is very cold resistant. (rC++)
                  | [Jiyva's grace]
 12027 | D:12     | Gained mutation: Your flesh is almost immune to the effects
                  | of cold. (rC+++) [Jiyva's grace]
 12201 | Shoals:1 | Entered Level 1 of the Shoals
 12293 | Shoals:1 | You are sucked into a shaft and drop 1 floor!
 12377 | Shoals:1 | Identified the ring "Fishraic" {Fire rPois Str-4 Dex+2}
 13449 | Shoals:2 | Noticed a kraken
 13550 | Shoals:2 | Reached skill level 15 in Unarmed Combat
 13627 | Shoals:2 | Slimified a kraken
 13627 | Shoals:2 | a kraken changed into a slime creature
 13776 | Shoals:2 | Found a stormy altar of Qazlal.
 13880 | Shoals:2 | Noticed a titan
 13883 | Shoals:2 | Noticed a frost giant
 13896 | Shoals:2 | Killed a frost giant
 13897 | Shoals:2 | Reached XP level 15. HP: 127/154 MP: 17/17
 13924 | Shoals:2 | Slimified a titan
 13924 | Shoals:2 | a titan changed into a slime creature
 14756 | Shoals:3 | Lost mutation: Your flesh is almost immune to the effects
                  | of cold. (rC+++) [Jiyva's grace]
 14756 | Shoals:3 | Lost mutation: Your gelatinous body deflects attacks. (AC
                  | +3, EV +3) [Jiyva's grace]
 14756 | Shoals:3 | Lost mutation: Your pliable body absorbs attacks. (AC +2,
                  | EV +2) [Jiyva's grace]
 14756 | Shoals:3 | Lost mutation: You are covered in slimy tendrils that may
                  | disarm your opponents. [Jiyva's grace]
 14756 | Shoals:3 | Lost mutation: You expend magic power (3 MP) to strengthen
                  | your wands. [Jiyva's grace]
 14756 | Shoals:3 | Lost mutation: Your movements are slightly less encumbered
                  | by armour. (ER -2) [Jiyva's grace]
 14756 | Shoals:3 | Gained mutation: You passively map a small area around you.
                  | [Jiyva's grace]
 14756 | Shoals:3 | Gained mutation: You passively map the area around you.
                  | [Jiyva's grace]
 14756 | Shoals:3 | Gained mutation: You passively map a large area around you.
                  | [Jiyva's grace]
 14756 | Shoals:3 | Gained mutation: Your body is covered in eyes which may
                  | confuse attackers. (Acc +7, SInv) [Jiyva's grace]
 14819 | Shoals:3 | Noticed a kraken
 15044 | Shoals:3 | Slimified a kraken
 15044 | Shoals:3 | a kraken changed into a slime creature
 15115 | Shoals:4 | Entered Level 4 of the Shoals
 15133 | Shoals:4 | Paralysed by an air elemental for 1 turns
 15384 | Shoals:4 | Noticed a titan
 15396 | Shoals:4 | Slimified a titan
 15396 | Shoals:4 | a titan changed into an azure jelly
 15396 | Shoals:4 | Noticed an azure jelly
 15489 | Shoals:4 | Got a barnacled rune of Zot
 15644 | Shoals:4 | Identified the +9 flail "Yrips" {drain, Fragile rF+ Int+4}
 15670 | Shoals:4 | Paralysed by an air elemental for 1 turns
 15675 | Shoals:4 | HP: 7/155 [air elemental (1)]
 15676 | Shoals:4 | Paralysed by an air elemental for 1 turns
 15676 | Shoals:4 | HP: 3/155 [air elemental/stunning burst (5)]
 15677 | Shoals:4 | Killed from afar by an air elemental

Illustrated notes

Levels and vault maps discovered:
D:1:      minmay_arrival_stone_box, layout_basic
D:2:      layout_basic, basic_altar, shapermc_ecumenical_altar_mp_urbaneastern,
          hangedman_decor_push
D:3:      layout_basic, nicolae_overflow_crystal_walls,
          mainiacjoe_overflow_alcove_1, uniq_grinder
D:4:      layout_cave_pools, evilmike_ruin_ashenzari, general_overflow_altar,
          uniq_sigmund, uniq_crazy_yiuf_cottage, uniq_pargi
D:5:      layout_rooms, mainiacjoe_overflow_boulevard, nicolae_ru_awakened_eye
D:6:      layout_basic, nicolae_sif_muna_condensation
D:7:      layout_cave_pools, minmay_temple_entry_large_hall,
          kennysheep_generic_room_15
D:8:      layout_layer_cave, gammafunk_ghost_abyssal_escape,
          nicolae_figureground_sparkle, uniq_maggie
D:9:      layout_rooms, nicolae_qazlal_eye_of_the_storm, grunt_gozag_statues,
          lemuel_doored_altar, serial_shops, nicolae_shop_stone, uniq_pikel
D:10:     kennysheep_windowed_halls, layout_irregular_city,
          nicolae_transporter_circle
D:11:     minmay_the_grid_triangle_9x9_line_8_mashed
          [minmay_the_grid_triangle_9x9_wacky_v,
          minmay_the_grid_triangle_9x9_checkered,
          minmay_the_grid_triangle_9x9_subtriangle,
          minmay_the_grid_triangle_9x9_tough_junction,
          minmay_the_grid_triangle_9x9_empty,
          minmay_the_grid_triangle_9x9_steps,
          minmay_the_grid_triangle_9x9_pentomino_pain,
          minmay_the_grid_triangle_9x9_prize_center], layout_stronghold,
          uniq_josephine, uniq_fannar, uniq_amaemon, uniq_harold
D:12:     minmay_statue_hallways, layout_loops_ring, orc_0_dummy,
          tgw_lugonu_bribe, uniq_nessos, uniq_erolcha
Temple:   nicolae_temple_hex_pool
Lair:1:   wander_river, layout_misc_corridors, special_room [special_room_bee],
          gammafunk_ghost_hydra_chop, grunt_megastairs_5
Lair:2:   layout_regular_city, hellmonk_spider_entry_not_the_bees
Lair:3:   nzn_winding_woodlands_stair_trap
          [nzn_winding_woodlands_5x15_split_checker,
          nzn_winding_woodlands_5x15_garden,
          nzn_winding_woodlands_5x15_lazy_stream,
          nzn_winding_woodlands_15x15_boxy_spiral,
          nzn_winding_woodlands_5x15_crooked, nzn_winding_woodlands_5x15_twine,
          nzn_winding_woodlands_5x15_cabin], layout_concentric_octagons,
          shoals_dummy_entry, beast_lair_carwin_1, infiniplex_staircase_pool_2
Lair:4:   dreamdust_cave_troll, layout_cave_pods, grunt_megastairs_2
Shoals:1: layout_shoals
Shoals:2: cheibrodos_shoals_gigantism, layout_shoals, lemuel_oklob_altar
Shoals:3: layout_shoals, uniq_ilsuiw
Shoals:4: shoals_end_hellmonk_storm_palace [storm_palace_center_square,
          storm_palace_corner_grid, storm_palace_corner_grid,
          storm_palace_corner_grid, storm_palace_corner_altar]

Skill      XL: |  1  2  3  4  5  6  7  8  9 10 11 12 13 14 15 |
---------------+----------------------------------------------+-----
Armour         | 1 2 3 4 5 6 7 9 10 11 | 11.9
Unarmed Combat | 4 5 6 8 9 10 12 13 14 15 | 15.8
Fighting       | 3 4 5 7 8 9 10 11 12 | 12.2
Dodging        | 3 4 5 6 8 9 10 11 12 | 12.2

Action                     |  1- 3 |  4- 6 |  7- 9 | 10-12 | 13-15 || total
---------------------------+-------+-------+-------+-------+-------++-------
  Melee: Unarmed           |    47 |    87 |   274 |   475 |   841 ||  1724
         Pseudopods        |       |       |       |    93 |       ||    93
         Kick              |       |       |       |   102 |   404 ||   506
         Punch             |       |       |       |    18 |    58 ||    76
  Throw: Throwing net      |       |       |     1 |       |       ||     1
 Invoke: Slimify           |       |       |       |     3 |     4 ||     7
         Oozemancy         |       |       |       |       |     1 ||     1
    Use: Scroll            |       |       |       |    22 |     2 ||    24
         Potion            |       |       |       |       |     3 ||     3
   Stab: Confused          |       |       |       |    12 |    43 ||    55
         Sleeping          |       |       |       |       |     2 ||     2
         Distracted        |       |       |       |       |     1 ||     1
 Armour: Robe              |    20 |    30 |     9 |       |       ||    59
         Troll leather arm |       |       |   109 |   145 |   229 ||   483
  Dodge: Dodged            |    25 |    44 |   163 |   352 |   703 ||  1287
